 Dungeon Crawl Stone Soup version 0.29-a0-998-g1987434951 (webtiles) character file.

Game seed: 16954085883587152431

86 croobank the Digger (level 4, 0/34 HPs)
             Began as a Demigod Earth Elementalist on Aug 5, 2022.
             Slain by an orc priest
             ... wielding a +0 flail
              (2 damage)
             ... on level 4 of the Dungeon.
             The game lasted 00:09:24 (3300 turns).

croobank the Digger (Demigod Earth Elementalist)    Turns: 3300, Time: 00:09:26

Health: 0/34       AC:  6    Str:  9    XL:     4   Next: 5%
Magic:  5/10       EV: 10    Int: 21    God:
Gold:   200        SH:  0    Dex: 14    Spells: 3/7 levels left

rFire   . . .      SeeInvis .   f - +0 short sword
rCold   . . .      Faith    .   (no shield)
rNeg    . . .      Spirit   .   e - +1 ring mail
rPois   .          Reflect  .   (no helmet)
rElec   .          Harm     .   (no cloak)
rCorr   .          Rampage  .   (no gloves)
Will    .....                   (no boots)
Stlth   +.........              (no amulet)
HPRegen 0.11/turn               (no ring)
MPRegen 0.12/turn               (no ring)

@: no status effects
A: high MP 1, forlorn, divine attributes
a: no special abilities


You were on level 4 of the Dungeon.
You visited 1 branch of the dungeon, and saw 4 of its levels.

You collected 200 gold pieces.

Inventory:

Hand Weapons
 f - a +0 short sword (weapon)
 g - a +0 dagger
 i - a +0 whip
Missiles
 c - 47 stones
Armour
 a - a +0 robe
 e - a +1 ring mail (worn)
Jewellery
 o - a ring of resist corrosion
Wands
 j - a wand of mindburst (16)
 n - a wand of flame (8)
Scrolls
 h - a scroll of teleportation
 m - a scroll of identify
 p - 3 scrolls of magic mapping
 q - a scroll of immolation
Potions
 b - a potion of magic
 d - a potion of lignification
 k - a potion of brilliance
 l - 2 potions of curing
 r - 2 potions of haste {unknown}
 s - a potion of heal wounds {unknown}


   Skills:
 + Level 0.8 Fighting
 + Level 2.3 Dodging
 + Level 2.4 Stealth
 + Level 2.2 Spellcasting
 + Level 1.7 Transmutations
 + Level 3.1 Earth Magic


You had 3 spell levels left.
You knew the following spells:

 Your Spells              Type           Power      Damage    Failure   Level
a - Sandblast             Erth           30%        2d9       11%         1
b - Stone Arrow           Conj/Erth      16%        3d8       54%         3

Your spell library contained the following spells:

 Spells                   Type           Power      Damage    Failure   Level
 Passwall                 Tmut/Erth      10%        N/A       22%         2
 Petrify                  Tmut/Erth      12%        N/A       82%         4


Dungeon Overview and Level Annotations

Branches:
Dungeon (4/15)
 Temple: D:4-7

Shops:
D:1 :   D:2 (


Innate Abilities, Weirdness & Mutations

You have an increased reservoir of magic. (+10% MP)
You shall have no god before yourself.
Your divine heritage dramatically boosts your attributes as you level up.


Message History

Unknown command.
Casting: Sandblast (safe; 11% risk of failure)
Confirm with . or Enter, or press ? or * to list all spells.
Aiming: Sandblast (safe; 11% risk of failure)
Press: ? - help, Shift-Dir - straight line, f/p - orc priest
Aim: an orc priest, wielding a +0 flail and wearing a +0 ring mail (moderately wounded, 84% to hit)
The blast of sand hits the orc priest but does no damage.
The orc priest is moderately wounded.
The orc priest hits you with a +0 flail.
The orc priest barely misses you.
Casting: Sandblast (safe; 11% risk of failure)
Confirm with . or Enter, or press ? or * to list all spells.
Aiming: Sandblast (safe; 11% risk of failure)
Press: ? - help, Shift-Dir - straight line, f/p - orc priest
Aim: an orc priest, wielding a +0 flail and wearing a +0 ring mail (moderately wounded, 84% to hit)
The blast of sand hits the orc priest!
The orc priest is almost dead.
The orc priest hits you but does no damage.
The orc wizard gestures wildly while chanting.
The orc wizard flickers and vanishes!
Your magical contamination has completely faded away.
Casting: Sandblast (safe; 11% risk of failure)
Confirm with . or Enter, or press ? or * to list all spells.
Aiming: Sandblast (safe; 11% risk of failure)
Press: ? - help, Shift-Dir - straight line, f/p - orc priest
Aim: an orc priest, wielding a +0 flail and wearing a +0 ring mail (almost dead, 84% to hit)
The blast of sand hits the orc!
You kill the orc!
The orc priest mumbles some strange prayers to Beogh against you.
Beogh smites you!
* * * LOW HITPOINT WARNING * * *
Casting: Sandblast (safe; 11% risk of failure)
Confirm with . or Enter, or press ? or * to list all spells.
Aiming: Sandblast (safe; 11% risk of failure)
Press: ? - help, Shift-Dir - straight line, f/p - orc priest
Aim: an orc priest, wielding a +0 flail and wearing a +0 ring mail (almost dead, 84% to hit)
The blast of sand misses the orc priest.
The blast of sand hits something!
The orc priest closely misses you.
The orc priest hits you with a +0 flail.
You die...

..................#
..................#
#.................#
#..................
####.###..#.......#
#
#......#.........#
####........#####.#
.........#.###....#
......##...##@.#
..######.####o##
##[..#.o{##
##.........##
#...........#
#........<..#
#...........#
##.........##
##...#...##


You could see an orc priest and an orc.

Vanquished Creatures
  2 adders
  2 worms
  2 dart slugs (D:1)
  2 orcs
  2 bats (D:2)
  4 endoplasms
  8 giant cockroaches
  2 goblins (D:1)
  9 hobgoblins
  4 quokkas
  4 ball pythons
  3 frilled lizards (D:1)
  2 kobolds (D:2)
  7 rats
53 creatures vanquished.

Notes
Turn   | Place    | Note
-------+----------+-------------------------------------------
     0 | D:1      | croobank the Demigod Earth Elementalist began the quest for
                  | the Orb.
     0 | D:1      | Reached XP level 1. HP: 14/14 MP: 5/5
    73 | D:1      | Reached skill level 1 in Transmutations
   346 | D:1      | Reached XP level 2. HP: 20/20 MP: 5/7
   380 | D:1      | HP: 1/20 [quokka (1)]
   832 | D:1      | Found Sufefeif's Vocational Training.
  1468 | D:1      | Reached XP level 3. HP: 26/26 MP: 6/8
  1686 | D:2      | Reached skill level 3 in Earth Magic
  1692 | D:2      | Learned a level 3 spell: Stone Arrow
  1822 | D:2      | Found Ofye's Antique Weapon Shoppe.
  3108 | D:4      | Reached XP level 4. HP: 20/34 MP: 8/10
  3300 | D:4      | Slain by an orc priest

Illustrated notes

Levels and vault maps discovered:
D:1:      dpeg_arrival_three_same_balls, layout_basic, hex_intersection,
          st_stairs_8, minmay_liquid_box, grunt_decor_mini_mirrors,
          nicolae_shop_vocational
D:2:      layout_rooms, ebering_ecumenical_altar_webs, serial_shops,
          shop_statue, columned_hall_lemuel, minmay_octomino_e4
D:3:      layout_rooms, fedhas_altar_4, gammafunk_temple_overflow_forgotten,
          minmay_vboxes
D:4:      layout_rooms, nzn_overflow_gifts_of_might_and_magic,
          mainiacjoe_overflow_chevrons, minmay_mini_ossuary

Skill      XL: |  1  2  3 |
---------------+----------+-----
Transmutations | 1 |  1.7
Stealth        | 2 |  2.4
Dodging        | 2 |  2.3
Spellcasting   | 2 |  2.2
Earth Magic    | 3 |  3.1
Fighting       | |  0.8

Action                   |  1- 3 |  4- 6 || total
-------------------------+-------+-------++-------
Melee: Unarmed           |    48 |       ||    48
       Short sword       |   111 |     1 ||   112
 Cast: Sandblast         |    47 |     7 ||    54
  Use: Scroll            |    11 |     1 ||    12
 Stab: Sleeping          |     3 |       ||     3
Armor: Ring mail         |    74 |     5 ||    79
Dodge: Dodged            |   148 |     6 ||   154

Table legend: (Time is in decaauts)
 A = Elapsed time spent in this place.
 B = Non-inter-level travel time spent in this place.
 C = Inter-level travel time spent in this place.
 D = Time resting spent in this place.
 E = Time spent auto-exploring this place.
 F = Levels seen in this place.
 G = Mean time per level.
                   A        B        C        D        E       F      G
               +--------+--------+--------+--------+--------+-----+--------+
         Total |   3363 |   3248 |    115 |    687 |   1906 |   4 |  840.8 |
       Dungeon |   3363 |   3248 |    115 |    687 |   1906 |   4 |  840.8 |
               +--------+--------+--------+--------+--------+-----+--------+

Top non-repeatable levels by time:
     D:1: 1698 daAuts
     D:2: 911 daAuts
     D:3: 534 daAuts
     D:4: 218 daAuts
